 Dungeon Crawl Stone Soup version 0.30-a0-297-g0ec75d9ef4 (console) character file.

Game seed: 11970634983078224425

9662 jejorda2 the Impaler (level 11, -2/121 HPs)
             Began as a Merfolk Berserker on Oct 18, 2022.
             Was a High Priest of Trog.
             Slain by a manticore (3 damage)
             ... on level 11 of the Dungeon.
             The game lasted 00:19:30 (10747 turns).

jejorda2 the Impaler (Merfolk Berserker)           Turns: 10747, Time: 00:19:31

Health: -2/121     AC: 15    Str: 22    XL:     11   Next: 50%
Magic:  20/20      EV:  9    Int:  6    God:    Trog [*****.]
Gold:   638        SH:  0    Dex: 14    Spells: 10/10 levels left

rFire   + . .      SeeInvis +    a - +1 halberd {elec, rF+ rN+ Will+ MP+9}
rCold   . . .      Faith    +    (shield currently unavailable)
rNeg    + . .      Spirit   .    F - +0 plate armour
rPois   .          Reflect  .    q - +0 helmet
rElec   .          Harm     .    (no cloak)
rCorr   .          Rampage  .    (no gloves)
Will    +....                    P - +0 pair of boots
Stlth   ..........               v - amulet of faith
HPRegen 0.40/turn                t - ring of see invisible
MPRegen 0.17/turn                (no ring)

@: berserking, very quick
A: (nimble swimmer 2), mertail
a: Renounce Religion, Berserk, Trog's Hand, Brothers in Arms


You were on level 11 of the Dungeon.
You worshipped Trog.
Trog was extremely pleased with you.
You visited 1 branch of the dungeon, and saw 11 of its levels.

You collected 638 gold pieces.

Inventory:

Hand Weapons
 a - the +1 halberd "Sini" (weapon) {elec, rF+ rN+ Will+ MP+9}
   (You found it on level 6 of the Dungeon)

   It occasionally discharges a powerful burst of electricity upon striking a
   foe.
   rF:        It protects you from fire.
   rN:        It protects you from negative energy.
   MP:        It affects your magic capacity (+9).
   Will:      It increases your willpower.
 h - a +1 trident of protection
 E - a +0 glaive of venom
Missiles
 d - 95 stones
 e - 13 boomerangs
 f - 30 poisoned darts (quivered)
 A - 3 throwing nets
 L - 16 silver boomerangs
Armour
 q - a +0 helmet (worn)
 F - a +0 plate armour (worn)
 P - a +0 pair of boots (worn)
Jewellery
 t - a ring of see invisible (left hand)
 v - an amulet of faith (around neck)
 N - a ring of ice
Wands
 b - a wand of charming (14)
 z - a wand of iceblast (7)
 K - a wand of flame (9)
Scrolls
 g - a scroll of amnesia {unknown}
 i - 10 scrolls of identify {unknown}
 j - 2 scrolls of noise {unknown}
 k - 5 scrolls of teleportation {unknown}
 n - 3 scrolls of magic mapping {unknown}
 p - 2 scrolls of fear {unknown}
 r - 2 scrolls of blinking {unknown}
 s - a scroll of silence {unknown}
 u - 4 scrolls of enchant weapon {unknown}
 w - a scroll of acquirement {unknown}
 y - a scroll of poison {unknown}
 C - a scroll of enchant armour {unknown}
 I - a scroll of vulnerability {unknown}
 Q - a scroll of brand weapon {unknown}
Potions
 c - a potion of invisibility {unknown}
 l - a potion of magic {unknown}
 m - 5 potions of curing {unknown}
 o - a potion of berserk rage {unknown}
 x - 2 potions of mutation {unknown}
 B - a potion of might {unknown}
 D - 2 potions of attraction {unknown}
 G - a potion of heal wounds {unknown}
 H - a potion of brilliance {unknown}
 M - a potion of ambrosia {unknown}
 O - 2 potions of lignification {unknown}
Miscellaneous
 J - a tin of tremorstones (2/2)


   Skills:
 - Level 6.0 Fighting
 * Level 18.1 Polearms
 - Level 6.0 Armour
 + Level 8.7 Dodging


You had 10 spell levels left.
You didn't know any spells.
Your spell library was empty.

Dungeon Overview and Level Annotations

Branches:
Dungeon (11/15)            Temple (0/1) D:5             Orc (0/2) D:10
   Lair: D:8-11

Altars:
Cheibriados
Fedhas
Hepliaklqana
Kikubaaqudgha
Sif Muna
Wu Jian
Zin

Annotations:
D:4 2 runed translucent doors, brknglss's ghost, amateur DEFE


Innate Abilities, Weirdness & Mutations

((You are very nimble when in or above water. (Stealth+, EV+, Speed+++)))
Your lower body shifts to a powerful aquatic tail in water.


Message History

Aim: an unseen horror (moderately wounded, slightly transparent, about 33% to evade the +1 halberd "Sini")
You reach to attack!
You impale the unseen horror!!
The unseen horror is almost dead.
The unseen horror closely misses you.
Reach: a) +1 halberd {elec, rF+ rN+ Will+ MP+9}
Press: ? - help, Dir - move target, f/p - unseen horror
Aim: an unseen horror (almost dead, slightly transparent, about 33% to evade the +1 halberd "Sini")
You hit the unseen horror but do no damage.
The unseen horror is almost dead.
The unseen horror hits you.
The unseen horror hits you but does no damage.
You hit the unseen horror.
Lightning courses through the unseen horror!
You kill the unseen horror!
Trog accepts your kill.
The manticore bites you but does no damage.
The manticore claws you but does no damage.
The manticore claws you.
There is an open door here.
You closely miss the manticore.
The manticore bites you but does no damage.
The manticore claws you! x2
You hit the manticore.
The manticore is lightly wounded.
The manticore barely misses you. x2; The manticore claws you.
You closely miss the manticore.
The manticore is lightly wounded.
You hit the manticore.
The manticore is lightly wounded.
The manticore bites you. The manticore claws you! x2
You barely miss the manticore.
The manticore is lightly wounded.
The manticore bites you!
* * * LOW HITPOINT WARNING * * *
The manticore claws you but does no damage. x2
A red film seems to cover your vision as you go berserk!
You feel yourself moving faster!
You feel mighty! The manticore bites you!
* * * LOW HITPOINT WARNING * * *
The manticore completely misses you. The manticore claws you.
You die...

######........#
#..>.#........#
#....#....^...#
#....#.......>#
#....'....<...#
+....#........#
#....#........#
#....#........#
##@###..†.....#
#H..####†#####
.....#......#
#.....#......#
#...(.#......#
#.....#......#
#.....#......#
#.....#......#
########


You could see a manticore.

Vanquished Creatures
  2 two-headed ogres
  Maggie (D:6)
  An unseen horror (D:11)
  A komodo dragon (D:10)
  A troll (D:7)
  A shadow (D:11)
  A wyvern (D:9)
  2 steam dragons (D:6)
  10 yaks (D:10)
  3 vampire mosquitoes (D:10)
  Edmund (D:6)
  6 water moccasins
  4 orc warriors
  An ice beast (D:7)
  A sky beast (D:6)
  5 black bears
  3 ogres
  5 centaurs
  A phantom (D:5)
  A bullfrog (D:8)
  3 kobold brigands
  Blork the orc (D:6)
  2 gnoll sergeants (D:9)
  A necrophage (D:4)
  4 scorpions
  4 wights (D:8)
  6 howler monkeys
  5 hounds
  A jelly (D:7)
  13 orc priests
  A gnoll bouda (D:6)
  3 iguanas
  10 orc wizards
  16 gnolls
  7 adders (D:2)
  A shadow imp (D:6)
  2 white imps (D:6)
  3 worms
  3 dart slugs
  63 orcs
  11 ball pythons
  6 bats
  3 endoplasms
  4 giant cockroaches
  31 goblins
  37 hobgoblins
  3 jackals (D:1)
  5 quokkas
  4 frilled lizards
  24 kobolds
  4 rats
332 creatures vanquished.

Vanquished Creatures (collateral kills)
  An orc (D:6)
1 creature vanquished.

Vanquished Creatures (others)
  A plant (D:5)
1 creature vanquished.

Grand Total: 334 creatures vanquished

Notes
Turn   | Place    | Note
-------+----------+-------------------------------------------
     0 | D:1      | jejorda2 the Merfolk Berserker began the quest for the Orb.
     0 | D:1      | Reached XP level 1. HP: 18/18 MP: 1/1
    73 | D:1      | Reached XP level 2. HP: 19/24 MP: 2/2
   534 | D:1      | Reached XP level 3. HP: 29/29 MP: 3/3
   585 | D:1      | Reached ** piety under Trog
   720 | D:2      | Reached skill level 5 in Polearms
   908 | D:2      | Reached XP level 4. HP: 37/37 MP: 4/4
  1172 | D:2      | Reached XP level 5. HP: 42/42 MP: 5/5
  1191 | D:2      | Reached skill level 6 in Polearms
  1675 | D:3      | Found an ancient bone altar of Kikubaaqudgha.
  1675 | D:3      | Found a glowing silver altar of Zin.
  2129 | D:3      | Reached *** piety under Trog
  2305 | D:3      | Reached XP level 6. HP: 49/49 MP: 6/6
  2635 | D:3      | Reached skill level 7 in Polearms
  2851 | D:3      | Reached **** piety under Trog
  3143 | D:4      | Reached skill level 5 in Fighting
  3324 | D:4      | Found a large runed translucent door.
  3324 | D:4      | Found a large runed translucent door.
  3330 | D:4      | Noticed brknglss's ghost (amateur DEFE)
  3799 | D:5      | Entered Level 5 of the Dungeon
  3818 | D:5      | Reached XP level 7. HP: 48/56 MP: 7/7
  3960 | D:5      | Reached skill level 8 in Polearms
  4233 | D:5      | Found a staircase to the Ecumenical Temple.
  4463 | D:5      | Found a snail-covered altar of Cheibriados.
  4564 | D:5      | Found a shimmering blue altar of Sif Muna.
  4646 | D:5      | Reached skill level 9 in Polearms
  4961 | D:5      | Reached XP level 8. HP: 59/64 MP: 8/8
  5295 | D:6      | Found an ornate altar of the Wu Jian Council.
  5317 | D:6      | Reached skill level 10 in Polearms
  5355 | D:6      | Reached skill level 11 in Polearms
  5550 | D:6      | Found a blossoming altar of Fedhas.
  5566 | D:6      | Reached XP level 9. HP: 52/69 MP: 9/9
  5875 | D:6      | Reached skill level 12 in Polearms
  5929 | D:6      | Noticed Maggie
  5940 | D:6      | Killed Maggie
  5941 | D:6      | Reached skill level 5 in Armour
  5945 | D:6      | Noticed Blork the orc
  5988 | D:6      | Killed Blork the orc
  6008 | D:6      | Identified the +1 halberd "Sini" {elec, rF+ rN+ Will+ MP+9}
  6008 | D:6      | Noticed Edmund
  6019 | D:6      | Killed Edmund
  6039 | D:6      | Reached skill level 13 in Polearms
  7004 | D:7      | Reached skill level 14 in Polearms
  7179 | D:7      | Noticed a troll
  7186 | D:7      | Killed a troll
  7187 | D:7      | Reached XP level 10. HP: 76/76 MP: 10/10
  7891 | D:8      | Found a hazy altar of Hepliaklqana.
  7910 | D:8      | Noticed a two-headed ogre
  7923 | D:8      | Killed a two-headed ogre
  7924 | D:8      | Reached skill level 15 in Polearms
  8398 | D:8      | Reached skill level 5 in Dodging
  8715 | D:9      | Identified the +2 robe of Osaigiri {Rampage}
  8898 | D:9      | Noticed a two-headed ogre
  8912 | D:9      | Killed a two-headed ogre
  8913 | D:9      | Reached skill level 16 in Polearms
  9070 | D:9      | Reached ***** piety under Trog
  9123 | D:9      | Reached XP level 11. HP: 60/81 MP: 11/11
  9650 | D:10     | Entered Level 10 of the Dungeon
  9762 | D:10     | Reached skill level 17 in Polearms
  9847 | D:10     | Found a staircase to the Orcish Mines.
 10080 | D:10     | Received a gift from Trog
 10708 | D:11     | Reached skill level 18 in Polearms
 10735 | D:11     | Noticed a manticore
 10747 | D:11     | HP: 1/121 [manticore (15)]
 10747 | D:11     | Slain by a manticore

Illustrated notes

Levels and vault maps discovered:
D:1:      lightli_arrival_chessboard, layout_rooms
D:2:      wander_river, layout_rooms, minmay_snake_closets
D:3:      minmay_goblin_kobold_castle, layout_basic, jmf_multi_god_temple,
          kennysheep_generic_room_15
D:4:      layout_basic, ebering_ghost_disaster_area
D:5:      layout_cave_pods, lemuel_doored_altar, lemuel_blue_sif_altar,
          minmay_temple_entry_enclosed_plants
D:6:      layout_cave_pools, nicolae_wu_jian_wuxing_cycle,
          fedhas_bush_and_centaur_altar, corexii_leaking_fountain,
          minmay_misc_feat_rugged, uniq_edmund, uniq_blork_the_orc, uniq_maggie
D:7:      layout_gridville, chequers_mini_garden
D:8:      layout_basic, nicolae_hepliaklqana_hazy_memory
D:9:      layout_irregular_city, chequers_serial_rivers_small_b,
          minmay_unpleasant_kobolds
D:10:     layout_basic, hiddenorc2_lemuel
D:11:     layout_gridville, dpeg_lair_monsters, ebering_dispersal_statue_hall

Skill      XL: |  1  2  3  4  5  6  7  8  9 10 11 |
---------------+----------------------------------+-----
Polearms       | 5 6 7 9 11 14 16 18 | 18.1
Armour         | 2 3 4 5 6 |  6.0
Fighting       | 4 5 6 |  6.0
Dodging        | 6 8 |  8.7

Action                   |  1- 3 |  4- 6 |  7- 9 | 10-12 || total
-------------------------+-------+-------+-------+-------++-------
Melee: Spear             |   111 |   439 |   290 |       ||   840
       Punch             |     1 |     1 |     6 |       ||     8
       Tailslap          |     2 |     1 |       |       ||     3
       Halberd           |       |       |    76 |   351 ||   427
       Trident           |       |       |     4 |       ||     4
Throw: Dart              |       |       |     3 |     2 ||     5
Invok: Berserk           |     1 |     8 |     7 |     4 ||    20
       Trog's Hand       |       |     1 |     4 |     2 ||     7
Evoke: Wand              |       |       |     1 |       ||     1
Armor: Animal skin       |     4 |       |       |       ||     4
       Ring mail         |    12 |    73 |    73 |       ||   158
       Steam dragon scal |       |       |    10 |    14 ||    24
       Plate armour      |       |       |       |    86 ||    86
Dodge: Dodged            |    44 |   158 |   123 |    71 ||   396

Table legend: (Time is in decaauts)
 A = Elapsed time spent in this place.
 B = Non-inter-level travel time spent in this place.
 C = Inter-level travel time spent in this place.
 D = Time resting spent in this place.
 E = Time spent auto-exploring this place.
 F = Levels seen in this place.
 G = Mean time per level.
                   A        B        C        D        E       F      G
               +--------+--------+--------+--------+--------+-----+--------+
         Total |  10459 |  10169 |    290 |   1119 |   7251 |  11 |  950.8 |
       Dungeon |  10459 |  10169 |    290 |   1119 |   7251 |  11 |  950.8 |
               +--------+--------+--------+--------+--------+-----+--------+

Top non-repeatable levels by time:
     D:3: 1649 daAuts
     D:5: 1410 daAuts
     D:7: 1261 daAuts
     D:6: 1129 daAuts
    D:10: 1006 daAuts
     D:8: 962 daAuts
     D:9: 923 daAuts
     D:4: 742 daAuts
     D:2: 678 daAuts
     D:1: 659 daAuts
    D:11: 36 daAuts
